 Dungeon Crawl Stone Soup version 0.29.0-11-gd7f09526c8 (webtiles) character file.

Game seed: 11987210870720939398

52 pacmanke6689 the Chopper (level 3, 0/33 HPs)
             Began as a Hill Orc Fighter on Sept 2, 2022.
             Killed from afar by Natasha (6 damage)
             ... with a bolt of light
             ... on level 2 of the Dungeon.
             The game lasted 00:02:48 (1060 turns).

pacmanke6689 the Chopper (Hill Orc Fighter)         Turns: 1060, Time: 00:02:49

Health: 0/33       AC:  8    Str: 18    XL:     3   Next: 85%
Magic:  3/3        EV:  9    Int:  8    God:
Gold:   23         SH:  4    Dex: 12    Spells: 2/2 levels left

rFire   . . .      SeeInvis .   a - +0 war axe
rCold   . . .      Faith    .   c - +0 buckler
rNeg    . . .      Spirit   .   b - +1 scale mail
rPois   .          Reflect  .   (no helmet)
rElec   .          Harm     .   (no cloak)
rCorr   .          Rampage  .   (no gloves)
Will    .....                   (no boots)
Stlth   ..........              (no amulet)
HPRegen 0.11/turn               (no ring)
MPRegen 0.08/turn               (no ring)

@: mighty, slowed, very slow
A: no striking features
a: no special abilities


You were on level 2 of the Dungeon.
You visited 1 branch of the dungeon, and saw 2 of its levels.

You collected 23 gold pieces.

Inventory:

Hand Weapons
 a - a +0 war axe (weapon)
Armour
 b - a +1 scale mail (worn)
 c - a +0 buckler (worn)
Potions
 d - a potion of might
 e - a potion of flight {unknown}
 g - a potion of degeneration {unknown}


   Skills:
 + Level 4.0 Fighting
 * Level 4.1 Axes
 + Level 3.8 Armour
 + Level 0.2 Dodging
 + Level 3.5 Shields


You had 2 spell levels left.
You didn't know any spells.
Your spell library contained the following spells:

 Spells                   Type           Power      Damage    Failure   Level
 Beastly Appendage        Tmut           0%         N/A       87%         1


Dungeon Overview and Level Annotations

Branches:
Dungeon (2/15)

Altars:

Annotations:
D:2 Natasha, Robin


Message History

The jackal bites you but does no damage.
The crimson imp blinks!
You barely miss the jackal.
The jackal is moderately wounded.
The jackal bites you but does no damage.
The jackal bites you.
The jackal bites you but does no damage.
You slash the jackal!
You kill the jackal!
Natasha zaps a wand.
The bolt of light hits you!
You are confused.
* * * LOW HITPOINT WARNING * * *
The adder barely misses you. The adder closely misses you.
You bump into the rock wall.
The adder bites you but does no damage.
Natasha extends her claws.
The adder bites you but does no damage.
Robin of the Strong Arm comes into view.
They are wielding a +0 spear.
You completely miss the adder.
You feel less confused.
Robin shouts!
You hear a shout!
The crimson imp disappears in a puff of smoke!
The adder bites you but does no damage.
Robin roars a battlecry!
The crimson imp blinks!
You block the adder's attack. Robin throws the goblin at you!
The goblin shouts!
You slice the adder!!
You kill the adder!
You slash the goblin!
You kill the goblin!
Natasha claws you but does no damage. Robin throws the goblin at you!
* * * LOW HITPOINT WARNING * * *
Natasha completely misses you. The goblin hits you but does no damage.
Your Axes skill increases to level 4!
You closely miss the goblin. You slash Natasha!
Natasha is no longer moving quickly.
The crimson imp disappears in a puff of smoke!
The shadow imp disappears in a puff of smoke!
Natasha zaps a wand.
The bolt of light hits you.
You die...

........###.## *********
........#..>)#* *,,,,,,,,
##........#...####**##***,,,,****
#.#####..#..[...##...,,,,,,,*~~~
#.# #..###........,,,,,,,,*~~~
#.# #..####...##,,,,,,,,,,+~~~
#.# #......<..#*,,,,,,,,,,*~~~
##'#####...####g.#*,,,,,,,,,,*~~~
#..........# ##@#***************
#......#...# #h### #......#...#
#h§.# #......#...# ###§#***
############******...,**
**********,,,,,,,,,g...*
,,,,,,,,,,,,,,,,,,,....#
,,,,,,,,,,,,,,,,,,,,...# ****
,,,,,,,,,,,,*****,,,...#******,,,


You could see Natasha, a jackal and a goblin (strong).

Vanquished Creatures
  2 adders (D:2)
  2 bats (D:1)
  3 endoplasms (D:1)
  2 giant cockroaches (D:1)
  6 goblins
  2 hobgoblins (D:1)
  2 jackals (D:2)
  3 kobolds (D:1)
  A quokka (D:1)
  3 ball pythons (D:1)
  A frilled lizard (D:1)
  4 rats (D:1)
31 creatures vanquished.

Notes
Turn   | Place    | Note
-------+----------+-------------------------------------------
     0 | D:1      | pacmanke6689 the Hill Orc Fighter began the quest for the
                  | Orb.
     0 | D:1      | Reached XP level 1. HP: 19/19 MP: 1/1
   156 | D:1      | Reached XP level 2. HP: 25/27 MP: 2/2
   443 | D:1      | Reached XP level 3. HP: 29/33 MP: 3/3
   772 | D:1      | Found a faded altar of an unknown god.
   781 | D:1      | Got Plato's Atlas of Changing
  1044 | D:2      | Noticed Natasha
  1057 | D:2      | Noticed Robin
  1060 | D:2      | Killed from afar by Natasha

Illustrated notes

Levels and vault maps discovered:
D:1:      saegor_arrival_simple_b, layout_basic,
          shapermc_ecumenical_altar_rom_forum, minmay_cupped
D:2:      layout_basic, chequers_serial_rivers_room_b, uniq_natasha, uniq_robin

Skill      XL: |  1  2  3 |
---------------+----------+-----
Axes           | 3 4 |  4.1
Fighting       | 4 |  4.0
Armour         | |  3.8
Dodging        | |  0.2
Shields        | |  3.5

Action                   || total
-------------------------++-------
Melee: War axe           ||    90
  Use: Scroll            ||     2
       Potion            ||     1
Armor: Scale mail        ||    56
Dodge: Dodged            ||    45
Block: Buckler           ||    18
